 Dungeon Crawl Stone Soup version 0.30-a0-879-ga8ba668304 (webtiles) character file.

Game seed: 9424436183649493776

147 Parcival the Conjurer (level 5, -9/36 HPs)
             Began as a Human Conjurer on Mar 12, 2023.
             Was an Initiate of Vehumet.
             Splashed by a jelly's acid (10 damage)
             ... on level 4 of the Dungeon.
             The game lasted 00:11:08 (3044 turns).

Parcival the Conjurer (Human Conjurer)              Turns: 3044, Time: 00:11:09

Health: -9/36      AC:  2    Str:  7    XL:     5   Next: 54%
Magic:  4/9        EV: 10    Int: 26    God:    Vehumet [......]
Gold:   221        SH:  0    Dex: 15    Spells: 4/10 levels left

rFire   x . .      SeeInvis .    e - +0 dagger
rCold   . . .      Faith    +    i - orb {light}
rNeg    . . .      Spirit   .    l - +1 ring mail of the Jabberwock {Int+6 Dex+3}
rPois   .          Reflect  .    (helmet restricted)
rElec   .          Rampage  .    (no cloak)
rCorr   .                        (no gloves)
Will    +....                    (no boots)
Stlth   +                        j - amulet of faith
HPRegen 0.26/turn                b - ring of willpower
MPRegen 0.11/turn                g - +4 ring of protection

@: corroded, very slightly contaminated, glowing
A: horns 1, heat vulnerability 1
a: Renounce Religion


You were on level 4 of the Dungeon.
You worshipped Vehumet.
Vehumet was noncommittal.
You visited 1 branch of the dungeon, and saw 4 of its levels.

You collected 221 gold pieces.

Inventory:

Hand Weapons
 e - a +0 dagger (weapon)
Armour
 a - a +1 robe
 i - an orb of light (worn)
 l - the +1 ring mail of the Jabberwock (worn) {Int+6 Dex+3}
   (You found it on level 3 of the Dungeon)

   Int:       It affects your intelligence (+6).
   Dex:       It affects your dexterity (+3).
Jewellery
 b - a ring of willpower (left hand)
 g - a +4 ring of protection (right hand)
 j - an amulet of faith (around neck)
 k - an amulet of the acrobat
Scrolls
 c - a scroll of torment
 d - a scroll of teleportation
 m - a scroll of enchant armour
Potions
 f - a potion of might
 h - a potion of haste {unknown}


   Skills:
 + Level 0.3 Fighting
 + Level 0.6 Short Blades
 + Level 0.7 Armour
 + Level 2.3 Dodging
 + Level 2.2 Stealth
 + Level 3.1 Spellcasting
 + Level 5.2 Conjurations


You had 4 spell levels left.
You knew the following spells:

 Your Spells              Type           Power      Damage    Failure   Level
a - Magic Dart            Conj           100%       1d8       3%          1
b - Dazzling Flash        Conj/Hex       34%        N/A       32%         3
c - Searing Ray           Conj           62%        2d6       5%          2

Your spell library contained the following spells:

 Spells                   Type           Power      Damage    Failure   Level
 Fulminant Prism          Conj/Hex       8%         3d7       73%         4
 Iskenderun's Mystic Bla  Conj/Tloc      17%        2d5       73%         4


Dungeon Overview and Level Annotations

Branches:
Dungeon (4/15)
 Temple: D:4-7

Altars:
Elyvilon
Uskayaw
Vehumet


Innate Abilities, Weirdness & Mutations

You have a pair of small horns on your head.
You are vulnerable to heat. (rF-)


Message History

The searing ray hits the jelly!
The jelly is heavily wounded. (Press . to maintain the ray.)
Casting: Searing Ray (safe; 5% risk of failure)
Confirm with . or Enter, or press ? or * to list all spells.
Restarting spell: Searing Ray (safe; 5% risk of failure)
Press: ? - help, Shift-Dir - straight line, f/p - jelly
Aim: a jelly (heavily wounded, haloed, 100% to hit)
You miscast Searing Ray.
You are very lightly contaminated with residual magic.
Nothing appears to happen.
The jelly completely misses you.
Casting: Searing Ray (safe; 5% risk of failure)
Confirm with . or Enter, or press ? or * to list all spells.
Aiming: Searing Ray (safe; 5% risk of failure)
Press: ? - help, Shift-Dir - straight line, f/p - jelly
Aim: a jelly (heavily wounded, haloed, 100% to hit)
You miscast Searing Ray.
Nothing appears to happen.
The jelly hits you but does no damage. The jelly hits you.
The acid corrodes you!
You are splashed with acid!
You hit the jelly but do no damage.
Your hands burn!
You headbutt the jelly.
The jelly is severely wounded.
The jelly barely misses you.
You hit the jelly.
Your hands burn!
You headbutt the jelly, but do no damage.
The jelly is severely wounded.
The jelly hits you. The acid corrodes you!
You are splashed with acid!
* * * LOW HITPOINT WARNING * * *
You hit the jelly but do no damage.
Your hands burn!
* * * LOW HITPOINT WARNING * * *
The jelly is severely wounded.
The jelly barely misses you.
You hit the jelly but do no damage.
Your hands burn!
* * * LOW HITPOINT WARNING * * *
You headbutt the jelly, but do no damage.
The jelly is severely wounded.
The jelly hits you.
* * * LOW HITPOINT WARNING * * *
You are splashed with acid!
You die...

#.##.## #.........
.......... #.##..##
#..........#
..........
#.###..###..........#
.......... #.#
##...#..........#
#########. #.#
###.#..........# #.
#.# #.#........[.# #.
..# #............# #.
##. ###..........# .
##.....@## ######J#
.... .......
.........#
..........#
#..........#
#...........


You could see a jelly.

Vanquished Creatures
  A phantom (D:4)
  2 worms (D:2)
  A dart slug (D:2)
  4 orcs (D:4)
  2 ball pythons
  2 bats
  5 endoplasms (D:1)
  2 giant cockroaches
  5 goblins
  9 hobgoblins
  7 jackals
  3 frilled lizards
  6 kobolds
  6 rats
55 creatures vanquished.

Vanquished Creatures (others)
  A plant (D:1)
1 creature vanquished.

Grand Total: 56 creatures vanquished

Notes
Turn   | Place    | Note
-------+----------+-------------------------------------------
     0 | D:1      | Parcival the Human Conjurer began the quest for the Orb.
     0 | D:1      | Reached XP level 1. HP: 13/13 MP: 3/3
    91 | D:1      | Reached XP level 2. HP: 19/19 MP: 0/5
   586 | D:1      | Reached XP level 3. HP: 24/24 MP: 3/6
   903 | D:2      | Learned a level 3 spell: Dazzling Flash
   918 | D:2      | Gained mutation: You are vulnerable to heat. (rF-) [potion
                  | of mutation]
   918 | D:2      | Gained mutation: You have a pair of small horns on your
                  | head. [potion of mutation]
  1717 | D:3      | Reached XP level 4. HP: 30/30 MP: 4/7
  1861 | D:3      | Identified the +1 ring mail of the Jabberwock {Int+6 Dex+3}
  1921 | D:3      | Found a radiant altar of Vehumet.
  1991 | D:3      | Found a white marble altar of Elyvilon.
  2179 | D:3      | Reached skill level 5 in Conjurations
  2546 | D:3      | Became a worshipper of Vehumet
  2725 | D:4      | Learned a level 2 spell: Searing Ray
  2733 | D:4      | Noticed a phantom
  2745 | D:4      | Found a hide-covered altar of Uskayaw.
  2752 | D:4      | Killed a phantom
  2753 | D:4      | Reached XP level 5. HP: 21/36 MP: 1/9
  3044 | D:4      | HP: 1/36 [jelly (1)]
  3044 | D:4      | Splashed by a jelly's acid

Illustrated notes

Levels and vault maps discovered:
D:1:      wander_arrival_fairy_ring, layout_rooms
D:2:      layout_rooms, st_stairs_8
D:3:      layout_loops_ring, mainiacjoe_overflow_two_lobes
D:4:      layout_basic, mainiacjoe_overflow_concentric_impassable,
          nicolae_uskayaw_dance_hall, uniq_eustachio

Skill      XL: |  1  2  3  4 |
---------------+-------------+-----
Conjurations   | 5 |  5.2
Spellcasting   | 3 |  3.1
Fighting       | |  0.3
Short Blades   | |  0.6
Armour         | |  0.7
Dodging        | |  2.3
Stealth        | |  2.2

Action                     |  1- 3 |  4- 6 || total
---------------------------+-------+-------++-------
  Melee: Unarmed           |     1 |       ||     1
         Dagger            |    42 |    15 ||    57
         Headbutt          |     9 |     6 ||    15
   Cast: Magic Dart        |    64 |    14 ||    78
         Dazzling Flash    |     1 |       ||     1
         Searing Ray       |       |     7 ||     7
    Use: Scroll            |     8 |     3 ||    11
         Potion            |     4 |       ||     4
 Armour: Robe              |    13 |       ||    13
         Ring mail         |       |     6 ||     6
  Dodge: Dodged            |    42 |     7 ||    49

Table legend: (Time is in decaauts)
 A = Elapsed time spent in this place.
 B = Non-inter-level travel time spent in this place.
 C = Inter-level travel time spent in this place.
 D = Time resting spent in this place.
 E = Time spent auto-exploring this place.
 F = Levels seen in this place.
 G = Mean time per level.
                   A        B        C        D        E       F      G
               +--------+--------+--------+--------+--------+-----+--------+
         Total |   3041 |   2577 |    464 |     13 |   2109 |   4 |  760.2 |
       Dungeon |   3041 |   2577 |    464 |     13 |   2109 |   4 |  760.2 |
               +--------+--------+--------+--------+--------+-----+--------+

Top non-repeatable levels by time:
     D:3: 1053 daAuts
     D:2: 892 daAuts
     D:1: 745 daAuts
     D:4: 349 daAuts
